 Dungeon Crawl Stone Soup version 0.21-a0-171-g0f4a3b6 (webtiles) character file.

25 namelastname112 the Skirmisher (level 2, 0/26 HPs)
             Began as a Draconian Wanderer on Aug 7, 2017.
             Slain by a worm (6 damage)
             ... on level 2 of the Dungeon.
             The game lasted 00:01:07 (870 turns).

namelastname112 the Skirmisher (Draconian Wanderer)  Turns: 870, Time: 00:01:08

Health: 0/26       AC:  5    Str: 13    XL:     2   Next: 82%
Magic:  5/5        EV: 12    Int: 14    God:
Gold:   104        SH:  0    Dex: 12    Spells: 5/5 levels left

rFire    . . .     SeeInvis .   a - +2 mace
rCold    . . .     Gourm    +   (no shield)
rNeg     . . .     Faith    .   (armour unavailable)
rPois    .         Spirit   .   (helmet restricted)
rElec    .         Reflect  .   (no cloak)
rCorr    .         Harm     .   k - +0 pair of gloves
MR       .....                  (no boots)
Stlth    +.........             i - amulet of the gourmand
HPRegen  0.08/turn              e - +3 ring of intelligence
MPRegen  0.09/turn              (no ring)

@: confused
A: unfitting armour, cold-blooded, AC +4
a: no special abilities


You were on level 2 of the Dungeon.
You were not hungry.

You visited 1 branch of the dungeon, and saw 2 of its levels.

You collected 104 gold pieces.

Inventory:

Hand Weapons
 a - a +2 mace (weapon)
Armour
 k - a +0 pair of gloves (worn)
Jewellery
 e - a +3 ring of intelligence (left hand)
 i - an amulet of the gourmand (around neck)
Scrolls
 f - 2 scrolls of teleportation {unknown}
 g - 4 scrolls of identify {unknown}
 j - a scroll of blinking {unknown}
 n - a scroll of random uselessness {unknown}
 o - a scroll of recharging {unknown}
Potions
 h - a potion of lignification {unknown}
 m - a potion of magic {unknown}
Books
 b - Jedof's Catalogue of Lightness

   Spells                             Type                      Level
   a - Swiftness                      Charms/Air                   2
   b - Poisonous Vapours              Poison/Air                   2
 c - the Tome of Fire

   Spells                             Type                      Level
   a - Flame Tongue                   Conjuration/Fire             1
   b - Ignite Poison                  Fire/Transmutation/Poison    3
Comestibles
 d - a bread ration


   Skills:
 + Level 3.1 Fighting
 - Level 1.0 Maces & Flails
 - Level 1.0 Throwing
 + Level 1.3 Dodging
 - Level 2.0 Spellcasting
   Level 2.6 Hexes
   Level 1.0 Evocations


You had 5 spell levels left.
You didn't know any spells.

Dungeon Overview and Level Annotations

Branches:
Dungeon (2/15)

Altars:


Innate Abilities, Weirdness & Mutations

Your plain brown scales are hard. (AC +4)
You cannot fit into any form of body armour.
You are cold-blooded and may be slowed by cold attacks.


Message History

The bat hits you but does no damage. The kobold barely misses you.
The worm completely misses you.
It was a potion of ambrosia.
You are confused.
You feel invigorated. The bat barely misses you.
The bat hits you but does no damage. The kobold hits you with a short sword.
* * * LOW HITPOINT WARNING * * *
You closely miss the kobold. The bat closely misses you. x2
The kobold hits you but does no damage. The worm bites you.
* * * LOW HITPOINT WARNING * * *
The bat closely misses you. The kobold hits you with a short sword.
* * * LOW HITPOINT WARNING * * *
You regained 2 hp, and now have 4/26 hp.
You closely miss the bat. The bat hits you.
* * * LOW HITPOINT WARNING * * *
The bat hits you but does no damage. The kobold hits you but does no damage.
The bat hits you.
* * * LOW HITPOINT WARNING * * *
The worm bites you.
You die... ....... #.. ....... #######.# ....... ........##..... ......... .... .........
Ss#

...)....##K#
..$.....#@b#
.......<#w##
..........##
.).........#
..............#
..........$...#
#.............#
#...............
#............##.


You could see a worm, an adder, a giant cockroach, a bat and a kobold.

Vanquished Creatures
  An adder (D:2)
  A dart slug (D:1)
  A giant cockroach (D:1)
  2 hobgoblins (D:1)
  3 bats (D:1)
  A frilled lizard (D:2)
  4 kobolds (D:1)
  A rat (D:1)
14 creatures vanquished.

Notes
Turn   | Place    | Note
-------+----------+-------------------------------------------
     0 | D:1      | namelastname112 the Draconian Wanderer began the quest for the Orb.
     0 | D:1      | namelastname112 set off with: a +2 mace, Jedof's Catalogue of Lightness, the Tome of Fire, a bread ration
     0 | D:1      | Reached XP level 1. HP: 17/17 MP: 3/3
     0 | D:1      | Identified Jedof's Catalogue of Lightness
     0 | D:1      | Identified the Tome of Fire
   374 | D:1      | Reached XP level 2. HP: 25/25 MP: 5/5
   439 | D:1      | Reached skill level 1 in Dodging
   864 | D:2      | Reached skill level 3 in Fighting
   866 | D:2      | HP: 1/26 [kobold/short sword (6)]
   870 | D:2      | Slain by a worm

Vault maps used:
D:1:      dpeg_arrival_rooms_b, grunt_decor_resistance
D:2:      gammafunk_temple_overflow_elements, nemelex_lonely_heart_becter,
          uniq_sigmund

Skill      XL: |  1  2 |
---------------+-------+-----
Dodging        | 1 |  1.3
Fighting       | 3 |  3.1
Maces & Flails | |  1.0
Throwing       | |  1.0
Spellcasting   | |  2.0
Hexes          | |  2.6
Evocations     | |  1.0

Action                   || total
-------------------------++-------
Melee: Mace              ||    33
       Tailslap          ||     3
  Use: Potion            ||     1
 Stab: Sleeping          ||     2
Armor: Skin              ||    29
Dodge: Dodged            ||    50
